[Event "Titled Tuesday Blitz March 08 Early 2022"]
[White "Berezin, Viktor"]
[Black "Einarsson, Halldor Gretar"]
[WhiteFideId "14107872"]
[BlackFideId "2300150"]
[WhiteElo "2310"]
[BlackElo "2114"]
[Result "0-1"]
[Round "03"]
[TimeControl "180+1"]
[Date "2022.03.09"]
[WhiteClock "0:00:03"]
[BlackClock "0:00:26"]

1. e4 e5 2. Nf3 Nc6 3. Bc4 Bc5 4. O-O Nf6 5. Nc3 O-O 6. a3 a6 7. b4 Ba7 8. d3 d6 9. h3 h6 10. Be3 Be6 11. Nd5 Bxd5 12. Bxd5 Nxd5 13. exd5 Nd4 14. c3 Nf5 15. Bxa7 Rxa7 16. Qe2 a5 17. d4 exd4 18. Nxd4 Nxd4 19. cxd4 Qf6 20. Qe4 axb4 21. axb4 Rfa8 22. Rxa7 Rxa7 23. Re1 Ra2 24. f4 Rd2 25. Qe8+ Kh7 26. Qe4+ g6 27. Qe7 Qxd4+ 28. Re3 Qxd5 29. Rf3 Rc2 30. f5 g5 31. f6 Qa2 32. Qe4+ Kh8 33. Rf1 Qc4 34. Qe8+ Kh7 35. Qf8 Kg6 36. Qg7+ Kh5 37. g4+ Kh4 38. Qxh6+ Kg3 39. Qh7 Qd4+ 40. Kh1 Qd5+ 41. Kg1 Qg2# 0-1


[Site "https://www.chess.com"]

[Event "Titled Tuesday Blitz March 08 Early 2022"]
[White "Bilan, Danila"]
[Black "Dwilewicz, Katarzyna"]
[WhiteFideId "24161918"]
[BlackFideId "1148486"]
[WhiteElo "2164"]
[BlackElo "1907"]
[Result "0-1"]
[Round "03"]
[TimeControl "180+1"]
[Date "2022.03.09"]
[WhiteClock "0:01:36"]
[BlackClock "0:00:03"]

1. d4 Nf6 2. c4 b6 3. Nf3 Bb7 4. e3 g6 5. b3 Bg7 6. Bb2 O-O 7. Nbd2 d5 8. Bd3 Nbd7 9. O-O e6 10. Rc1 Ne4 11. Qc2 Nxd2 12. Nxd2 c5 13. Qb1 Rc8 14. Rfd1 Qg5 15. cxd5 cxd4 16. Ne4 Qxd5 17. Rxc8 Rxc8 18. exd4 f5 19. Bc4 Rxc4 20. bxc4 Qxe4 21. Qxe4 Bxe4 22. f3 Bb7 23. Ba3 Kf7 24. d5 exd5 25. cxd5 Nc5 26. d6 Ke8 27. Rc1 Kd7 28. h4 h5 29. Rd1 Be5 30. Bc1 Bc6 31. Bg5 a5 32. Be7 b5 33. Re1 Bxd6 34. Bxd6 Kxd6 35. Rd1+ Bd5 36. a3 b4 37. axb4 axb4 38. Kf2 b3 39. Rb1 b2 40. Ke3 Na4 41. Kd4 Ba2 42. Rd1 b1=Q 43. Rxb1 Bxb1 44. Ke3 Nc5 45. Kf4 Ke7 46. g4 fxg4 47. fxg4 Kf6 48. gxh5 gxh5 49. Kg3 Kf5 50. Kh3 Kf4 51. Kh2 Kg4 52. Kg2 Kxh4 53. Kh2 Ne6 54. Kg2 Be4+ 55. Kh2 Kg4 56. Kg1 Kg3 57. Kf1 h4 58. Ke2 h3 59. Ke3 h2 60. Kxe4 h1=Q+ 61. Ke5 Qe1+ 62. Kf6 Nc5 63. Kf7 Kf4 64. Kf6 Qe6+ 65. Kg7 Kg5 66. Kf8 Nd7+ 67. Kg7 Qe7+ 68. Kg8 Nf6+ 69. Kh8 Qh7# 0-1


[Site "https://www.chess.com"]

[Event "Titled Tuesday Blitz March 08 Early 2022"]
[White "Bilych, Olexiy"]
[Black "Sanal, Vahap"]
[WhiteFideId "14156504"]
[BlackFideId "6300545"]
[WhiteElo "2176"]
[BlackElo "2603"]
[Result "0-1"]
[Round "03"]
[TimeControl "180+1"]
[Date "2022.03.08"]
[WhiteClock "0:00:06"]
[BlackClock "0:00:24"]

1. e4 d6 2. d4 Nf6 3. Nc3 e5 4. Nf3 Nbd7 5. Rg1 g6 6. g4 Bg7 7. g5 Nh5 8. Be3 O-O 9. Qd2 c6 10. a4 a6 11. Bc4 Rb8 12. a5 Qc7 13. dxe5 dxe5 14. Na4 Nf4 15. Nb6 Nxb6 16. axb6 Qe7 17. O-O-O Be6 18. Bxe6 Qxe6 19. Kb1 Qc4 20. Bxf4 exf4 21. e5 Qb5 22. Qd4 Rbe8 23. Rge1 Re7 24. c4 Qa5 25. c5 Rfe8 26. Re4 Qb5 27. Rde1 Qb3 28. Qc3 Qe6 29. Rxf4 Rd7 30. Rd4 Qf5+ 31. Ka1 Rxd4 32. Nxd4 Qxf2 33. Nf3 Bf8 34. b4 Rd8 35. e6 fxe6 36. Qb3 Bg7+ 37. Kb1 Kh8 38. Qe3 Qb2# 0-1


[Site "https://www.chess.com"]

[Event "Titled Tuesday Blitz March 08 Early 2022"]
[White "Bodnaruk, Anastasia"]
[Black "Beerdsen, Thomas"]
[WhiteFideId "4181751"]
[BlackFideId "1030108"]
[WhiteElo "2393"]
[BlackElo "2585"]
[Result "0-1"]
[Round "03"]
[TimeControl "180+1"]
[Date "2022.03.08"]
[WhiteClock "0:00:04"]
[BlackClock "0:00:30"]

1. e4 e5 2. Nf3 Nc6 3. Bc4 Nf6 4. d3 h6 5. c3 d6 6. O-O g5 7. Nbd2 g4 8. Ne1 h5 9. f4 exf4 10. d4 Bh6 11. Bd3 h4 12. Nb3 Nh5 13. c4 a5 14. a4 h3 15. gxh3 f3 16. Bxh6 Rxh6 17. hxg4 Bxg4 18. Nxf3 Qf6 19. Be2 Nf4 20. Qd2 O-O-O 21. Kh1 Rdh8 22. Bd1 Bxf3+ 23. Rxf3 Rxh2+ 24. Qxh2 Rxh2+ 25. Kxh2 Qh4+ 26. Kg1 Qg4+ 27. Kf2 Nh3+ 28. Ke3 Qg1+ 29. Kd2 Ng5 30. Re3 Qg2+ 31. Be2 Nxe4+ 32. Rxe4 Qxe4 33. Rf1 Nxd4 34. Nxd4 Qxd4+ 35. Bd3 Qxb2+ 36. Ke3 f6 37. Rf5 c5 0-1


[Site "https://www.chess.com"]

[Event "Titled Tuesday Blitz March 08 Early 2022"]
[White "Borodavkin, Anatoly"]
[Black "Korkmaz, Necmettin"]
[WhiteFideId "14150662"]
[BlackFideId "6303285"]
[WhiteElo "1845"]
[BlackElo "2094"]
[Result "0-1"]
[Round "03"]
[TimeControl "180+1"]
[Date "2022.03.09"]
[WhiteClock "0:00:04"]
[BlackClock "0:00:24"]

1. e4 e5 2. Nf3 Nc6 3. Bb5 a6 4. Ba4 Nf6 5. O-O b5 6. Bb3 Be7 7. d3 d6 8. a4 Rb8 9. Be3 Bg4 10. Nbd2 O-O 11. h3 Bh5 12. c3 Na5 13. Bc2 c5 14. d4 b4 15. dxe5 dxe5 16. g4 Nxg4 17. hxg4 Bxg4 18. Qe1 bxc3 19. bxc3 Rb2 20. Bd1 f5 21. Nxe5 Bxd1 22. Rxd1 f4 23. Ndc4 Bd6 24. Rxd6 Qg5+ 25. Kh1 fxe3 26. Qxe3 Qh4+ 27. Kg1 Nxc4 28. Nxc4 Rf4 0-1


[Site "https://www.chess.com"]

[Event "Titled Tuesday Blitz March 08 Early 2022"]
[White "Bortnyk, Olexandr"]
[Black "Blohberger, Felix"]
[WhiteFideId "14120828"]
[BlackFideId "1632051"]
[WhiteElo "2723"]
[BlackElo "2474"]
[Result "1-0"]
[Round "03"]
[TimeControl "180+1"]
[Date "2022.03.08"]
[WhiteClock "0:00:09"]
[BlackClock "0:00:05"]

1. e4 c5 2. c3 Nf6 3. e5 Nd5 4. d4 cxd4 5. Nf3 e6 6. cxd4 d6 7. Bc4 Be7 8. O-O O-O 9. Qe2 b6 10. Bd2 Bb7 11. Nc3 Nxc3 12. Bxc3 Nd7 13. Rfd1 Qc7 14. Rac1 Bxf3 15. gxf3 d5 16. Bb5 Qd8 17. Bd2 a6 18. Bxa6 Nb8 19. Rc8 Qd7 20. Rxf8+ Bxf8 21. Bb5 Qb7 22. a3 Nc6 23. Bc3 Na7 24. Bd3 b5 25. Qc2 g6 26. Qb3 Rb8 27. Bd2 Nc6 28. Be3 Na5 29. Qc2 Nc4 30. Bg5 Rc8 31. Qb3 Qb6 32. Bf1 Qc6 33. Rc1 Qb6 34. Be3 Rb8 35. Rc2 Na5 36. Qc3 b4 37. axb4 Bxb4 38. Qc8+ Rxc8 39. Rxc8+ Kg7 40. Bg5 Nc6 41. Bf6+ Kh6 42. f4 Be7 43. Rxc6 Qxc6 44. Bxe7 Qb6 45. b4 Qxd4 46. Bc5 Qxf4 47. Be3 Kg5 48. b5 1-0


[Site "https://www.chess.com"]

[Event "Titled Tuesday Blitz March 08 Early 2022"]
[White "Boruchovsky, Avital"]
[Black "Gracia Alvarez, Gerardo Antonio"]
[WhiteFideId "2800055"]
[BlackFideId "5109124"]
[WhiteElo "2469"]
[BlackElo "2139"]
[Result "1/2-1/2"]
[Round "03"]
[TimeControl "180+1"]
[Date "2022.03.09"]
[WhiteClock "0:00:49"]
[BlackClock "0:00:12"]

1. g3 g6 2. Bg2 Bg7 3. Nf3 Nf6 4. O-O O-O 5. c4 c5 6. Nc3 d5 7. cxd5 Nxd5 8. Rb1 Nc6 9. Qc2 b6 10. Nxd5 Qxd5 11. d3 Qd7 12. Bd2 Bb7 13. Bc3 Rac8 14. a3 Nd4 15. Bxd4 cxd4 16. Qd2 Rc7 17. Rfc1 Rfc8 18. Ne1 Bxg2 19. Kxg2 Rxc1 20. Rxc1 Rc6 21. Nf3 Qc7 22. Rxc6 Qxc6 23. Qb4 Bf6 24. h4 h5 25. Qb3 Kg7 26. Kh2 Qc1 27. a4 Qf1 28. Qc2 Qxf2+ 29. Kh3 Qf1+ 30. Kh2 Qf2+ 31. Kh3 e5 32. b4 Be7 33. b5 Bc5 34. Qa2 Qf1+ 35. Kh2 Qf2+ 36. Kh3 e4 37. Ng5 Qf1+ 38. Kh2 Qf2+ 39. Kh3 exd3 40. Qd5 Qf1+ 41. Kh2 Qf2+ 42. Kh3 Qf1+ 43. Kh2 Qf2+ 44. Kh3 1/2-1/2


[Site "https://www.chess.com"]

[Event "Titled Tuesday Blitz March 08 Early 2022"]
[White "Brunner, Nicolas"]
[Black "Barrientos, Sergio E"]
[WhiteFideId "620246"]
[BlackFideId "4401824"]
[WhiteElo "2372"]
[BlackElo "2397"]
[Result "0-1"]
[Round "03"]
[TimeControl "180+1"]
[Date "2022.03.09"]
[WhiteClock "0:00:09"]
[BlackClock "0:00:17"]

1. d4 Nf6 2. c4 c5 3. d5 b5 4. cxb5 a6 5. b6 d6 6. Nc3 Nbd7 7. e4 Qxb6 8. Nf3 g6 9. Nd2 Bg7 10. Be2 O-O 11. Nc4 Qc7 12. Bf4 Rb8 13. O-O Nb6 14. Ne3 Nfd7 15. a4 Bb7 16. Qc2 e5 17. dxe6 fxe6 18. Bg3 Qc6 19. a5 Nc8 20. Nc4 Bxc3 21. Qxc3 Qxe4 22. Bf3 Qd4 23. Qxd4 cxd4 24. Bg4 Bd5 25. Nxd6 Rxb2 26. Rfe1 Nxd6 27. Bxe6+ Bxe6 28. Rxe6 Nf5 29. f3 Nxg3 30. hxg3 Nc5 31. Rc6 Nb3 32. Rd1 Rf5 33. Rxa6 Rxa5 34. Rxa5 Nxa5 35. Rxd4 Rb6 36. Rd7 Nc6 37. g4 Ne5 38. Re7 Nf7 39. Kh2 Kg7 40. Kg3 Kf6 41. Ra7 Rb3 42. Ra6+ Kg7 43. Ra7 Rd3 44. Rb7 Rd6 45. Ra7 h6 46. Rb7 Kf6 47. Ra7 Ng5 48. Ra5 Rd3 49. Ra6+ Ne6 50. Rb6 Rd2 51. Ra6 g5 52. Rb6 Ke7 53. Rb7+ Rd7 54. Rb6 Kf6 55. Ra6 Kf7 56. Rb6 Re7 57. Ra6 Kg7 58. Kf2 Nf4 59. g3 Nd3+ 60. Kf1 Re1+ 61. Kg2 Re2+ 62. Kg1 Ne5 63. Ra3 Kf6 64. Rb3 Rd2 65. Rb6+ Kg7 66. Rb3 Rd3 67. Rb7+ Kf6 68. f4 Nxg4 69. Rb6+ Kf5 70. fxg5 hxg5 71. Kg2 Ne5 72. Rb5 Rd2+ 73. Kf1 Ke4 74. Rb4+ Kf3 75. Rb3+ Rd3 76. Rb1 Kxg3 0-1


[Site "https://www.chess.com"]

[Event "Titled Tuesday Blitz March 08 Early 2022"]
[White "Buscar, Michael"]
[Black "Kouskoutis, Georgios-Alexandros"]
[WhiteFideId "2603616"]
[BlackFideId "4234049"]
[WhiteElo "2010"]
[BlackElo "2130"]
[Result "1-0"]
[Round "03"]
[TimeControl "180+1"]
[Date "2022.03.09"]
[WhiteClock "0:00:18"]
[BlackClock "0:00:02"]

1. c4 Nf6 2. Nf3 e6 3. g3 d5 4. Bg2 Be7 5. d4 O-O 6. O-O c6 7. b3 b5 8. Qc2 bxc4 9. bxc4 Ba6 10. Ne5 Nfd7 11. cxd5 cxd5 12. Nd3 Qc8 13. Qd2 Nc6 14. Ba3 Bxa3 15. Nxa3 Nxd4 16. Nb4 Nxe2+ 17. Kh1 Bc4 18. Bf3 Nxg3+ 19. hxg3 Bxf1 20. Rxf1 Ne5 21. Be2 Rb8 22. Rc1 Qb7 23. Na6 Rbc8 24. Rb1 Qc6 25. Nb4 Qa8 26. Nb5 d4+ 27. Kh2 Rfd8 28. Nd3 Nf3+ 29. Bxf3 Qxf3 30. Ne5 Qh5+ 31. Kg1 Qxe5 32. Nxa7 Rb8 33. Rc1 Qd5 34. Nc6 h6 35. Ne7+ Kh7 36. Nxd5 Rxd5 37. Rc7 Kg8 38. Qf4 Rf8 39. Rc2 e5 40. Qe4 Ra5 41. a4 Rxa4 42. Qxe5 d3 43. Rd2 Ra3 44. Qd5 g6 45. Rxd3 Rxd3 46. Qxd3 Kg7 47. Kg2 h5 48. Kf3 f6 49. Qd7+ Rf7 50. Qe6 Rf8 51. Kg2 Rf7 52. f4 Rf8 53. Kf3 f5 54. Qe5+ Rf6 55. Ke3 Kf7 56. Qc7+ Kg8 57. Qe7 Rf7 58. Qg5 Kg7 59. Kd4 Rf8 60. Ke5 Re8+ 61. Kd6 Re3 62. Kd7 Rd3+ 63. Ke6 Re3+ 64. Kd5 Rd3+ 65. Kc4 Rd7 66. Qh4 Rc7+ 67. Kd5 Rd7+ 68. Ke6 Rf7 69. Qd8 Rb7 70. Qd4+ Kh7 71. Kf6 Rg7 72. Qd8 Ra7 73. Qf8 Ra6+ 74. Kg5 Ra7 75. Qe8 Rg7 76. Kf6 Rg8 77. Qf7+ Kh8 78. Qxg6 Rxg6+ 79. Kxg6 h4 80. gxh4 1-0


[Site "https://www.chess.com"]

[Event "Titled Tuesday Blitz March 08 Early 2022"]
[White "Butti, Enrique"]
[Black "Yang, Kaiqi"]
[WhiteFideId "3700470"]
[BlackFideId "8604398"]
[WhiteElo "2080"]
[BlackElo "2373"]
[Result "0-1"]
[Round "03"]
[TimeControl "180+1"]
[Date "2022.03.09"]
[WhiteClock "0:00:32"]
[BlackClock "0:00:45"]

1. d4 g6 2. e4 Bg7 3. c3 d6 4. f4 b6 5. Nf3 Bb7 6. Bd3 Nd7 7. e5 e6 8. O-O Ne7 9. Qe1 h6 10. b3 c5 11. exd6 Nc8 12. Ne5 O-O 13. Bb5 Nf6 14. dxc5 bxc5 15. Ba3 Nxd6 16. Bd3 Qb6 17. c4 Nf5 18. Bxf5 exf5 19. Nc3 Ne4 20. Nxe4 Bxe4 21. Qe3 Rfc8 22. Rad1 Qa5 23. Bb2 Qxa2 24. Ba1 Qxg2# 0-1


[Site "https://www.chess.com"]

[Event "Titled Tuesday Blitz March 08 Early 2022"]
[White "Caruana, Fabiano"]
[Black "Weetik, Vjacheslav"]
[WhiteFideId "2020009"]
[BlackFideId "4153472"]
[WhiteElo "2744"]
[BlackElo "2469"]
[Result "0-1"]
[Round "03"]
[TimeControl "180+1"]
[Date "2022.03.08"]
[WhiteClock "0:00:11"]
[BlackClock "0:00:06"]

1. d4 Nf6 2. Nf3 g6 3. Nbd2 d5 4. b4 Bg7 5. e3 O-O 6. Bb2 b6 7. c4 e6 8. c5 Ne4 9. Bd3 f5 10. Rc1 a5 11. cxb6 cxb6 12. b5 Nd7 13. Ba3 Re8 14. O-O Bb7 15. Qb3 a4 16. Qb2 e5 17. Be2 f4 18. Nxe4 dxe4 19. Bc4+ Kh8 20. Nxe5 Nxe5 21. dxe5 Bxe5 22. Qc2 f3 23. g3 Rc8 24. Rfd1 Qf6 25. Qxa4 h5 26. Bf1 Ra8 27. Qb3 h4 28. g4 h3 29. Kh1 Qh4 30. Bb2 Qxf2 31. Bxe5+ Rxe5 32. Qc3 Re8 33. Rd8 Kh7 34. Rxe8 Rxe8 35. Qf6 Rc8 36. Rd1 Rc7 37. Qe5 Rf7 38. Qe6 Rg7 39. Qf6 Bd5 40. Qg5 Bxa2 41. Qf4 Bc4 42. Qg3 Qxg3 43. hxg3 Bxf1 44. Rxf1 Rd7 45. Kh2 Rd3 46. Re1 Rxe3 47. Rxe3 f2 48. Kxh3 f1=Q+ 49. Kh4 Qd3 50. Re1 e3 51. Kg5 Qd2 52. Rh1+ Kg7 53. Rf1 e2+ 54. Rf4 e1=Q 55. Kh4 Qxf4 0-1


[Site "https://www.chess.com"]

[Event "Titled Tuesday Blitz March 08 Early 2022"]
[White "Chigaev, Maksim"]
[Black "Samant Aditya S"]
[WhiteFideId "4108116"]
[BlackFideId "35080580"]
[WhiteElo "2502"]
[BlackElo "1916"]
[Result "0-1"]
[Round "03"]
[TimeControl "180+1"]
[Date "2022.03.08"]
[WhiteClock "0:01:25"]
[BlackClock "0:00:37"]

1. e4 c5 2. Nf3 d6 3. Bb5+ Bd7 4. Bxd7+ Qxd7 5. O-O Nc6 6. c3 Nf6 7. Qe2 e6 8. d4 cxd4 9. cxd4 d5 10. e5 Ne4 11. Be3 Be7 12. Ne1 f5 13. f3 Ng5 14. Nd3 O-O 15. Nd2 Rac8 16. Rfc1 b6 17. Rc2 Nxd4 18. Bxd4 Rxc2 19. Qe3 Rfc8 20. a4 Ne4 21. fxe4 dxe4 22. Ne1 f4 23. Qxe4 Rxd2 24. Nf3 Rxd4 0-1


[Site "https://www.chess.com"]

[Event "Titled Tuesday Blitz March 08 Early 2022"]
[White "Chizhikov, Vladislav"]
[Black "Dilmukhametov, Artur"]
[WhiteFideId "4178157"]
[BlackFideId "24179922"]
[WhiteElo "2120"]
[BlackElo "2237"]
[Result "1-0"]
[Round "03"]
[TimeControl "180+1"]
[Date "2022.03.09"]
[WhiteClock "0:00:33"]
[BlackClock "0:00:07"]

1. e4 e6 2. d4 d5 3. Nc3 Bb4 4. e5 c5 5. a3 Bxc3+ 6. bxc3 cxd4 7. Qg4 g6 8. cxd4 Nc6 9. Nf3 Nge7 10. Qf4 Nf5 11. h4 h5 12. c3 Bd7 13. Bd3 Qe7 14. a4 a5 15. Ba3 Qd8 16. Rb1 Qc7 17. Bc5 Rb8 18. Bb6 Qc8 19. O-O Nd8 20. Bxa5 Bxa4 21. Bb5+ Bxb5 22. Rxb5 Nc6 23. Bb6 Qd7 24. Rfb1 O-O 25. Bc5 Rfe8 26. g4 hxg4 27. Nh2 Nxh4 28. Nxg4 Nf5 29. Nf6+ Kg7 30. Nxd7 Rbc8 31. Rxb7 Nce7 32. Nf6 Rh8 33. Bxe7 Nxe7 34. Rxe7 Rxc3 35. Nh5+ gxh5 36. Qf6+ Kg8 37. Qxf7# 1-0


[Site "https://www.chess.com"]

[Event "Titled Tuesday Blitz March 08 Early 2022"]
[White "Clawitter, Craig"]
[Black "Barros Rivadeneira, Cristhian"]
[WhiteFideId "2023105"]
[BlackFideId "3609677"]
[WhiteElo "2261"]
[BlackElo "2220"]
[Result "1/2-1/2"]
[Round "03"]
[TimeControl "180+1"]
[Date "2022.03.09"]
[WhiteClock "0:00:10"]
[BlackClock "0:00:10"]

1. e4 c5 2. Nf3 Nc6 3. d4 cxd4 4. Nxd4 g6 5. Nc3 Bg7 6. Be3 Nf6 7. Bc4 Qa5 8. O-O O-O 9. Bb3 d6 10. h3 Bd7 11. Re1 Nxd4 12. Bxd4 Bc6 13. Nd5 Bxd5 14. exd5 Rfe8 15. c3 a6 16. Qd3 b5 17. Re2 Nd7 18. Bxg7 Kxg7 19. Rae1 Qd8 20. Bc2 Rc8 21. a4 Qb6 22. axb5 axb5 23. Re3 b4 24. Ba4 Ne5 25. Qd4 Qxd4 26. cxd4 Nc4 27. Bxe8 Nxe3 28. Bc6 Nf5 29. Bd7 Rc2 30. Bxf5 gxf5 31. Rxe7 Rxb2 32. Rd7 Rd2 33. Rxd6 Rxd4 34. Kf1 b3 35. Rb6 Rxd5 36. Rxb3 Rd2 37. Rf3 Kg6 38. Kg1 Rb2 39. Kh2 Rb4 40. Kg3 Rb2 41. Ra3 Rb4 42. Kf3 f6 43. g3 Rc4 44. Rb3 Ra4 45. Rc3 Rd4 46. Ra3 Rb4 47. Rc3 Ra4 48. Rb3 Rc4 49. Ra3 Rb4 50. Rc3 Ra4 51. Rb3 Rc4 52. Ra3 Rb4 1/2-1/2


[Site "https://www.chess.com"]

[Event "Titled Tuesday Blitz March 08 Early 2022"]
[White "Coelho, Ramyres Santana"]
[Black "Batsiashvili, Nino"]
[WhiteFideId "2120690"]
[BlackFideId "13602993"]
[WhiteElo "1888"]
[BlackElo "2192"]
[Result "0-1"]
[Round "03"]
[TimeControl "180+1"]
[Date "2022.03.09"]
[WhiteClock "0:01:48"]
[BlackClock "0:02:25"]

1. e4 c6 2. d4 d5 3. Nc3 dxe4 4. Nxe4 Nf6 5. Nxf6+ exf6 6. Nf3 Bd6 7. Be3 O-O 8. Qd2 Re8 9. O-O-O Nd7 10. Bd3 Nf8 11. h4 a5 12. h5 a4 13. h6 g6 14. c4 Bd7 15. Bf4 Be7 16. Nh2 b5 17. c5 Be6 18. Kb1 Qxd4 19. g4 Qxc5 20. Rc1 Qd5 21. a3 Qa2+ 22. Kc2 Bxa3 23. Qc3 Bb3+ 24. Kd2 Bxb2 25. Rc2 Bxc3+ 0-1


[Site "https://www.chess.com"]

[Event "Titled Tuesday Blitz March 08 Early 2022"]
[White "Cori T., Deysi"]
[Black "Matveeva, Olga"]
[WhiteFideId "3801934"]
[BlackFideId "24107018"]
[WhiteElo "2341"]
[BlackElo "2083"]
[Result "1-0"]
[Round "03"]
[TimeControl "180+1"]
[Date "2022.03.09"]
[WhiteClock "0:01:55"]
[BlackClock "0:00:50"]

1. d4 Nf6 2. Nf3 g6 3. g3 Bg7 4. Bg2 O-O 5. O-O d6 6. Nbd2 c5 7. dxc5 dxc5 8. Nb3 Nbd7 9. c4 Qc7 10. Bf4 e5 11. Bg5 Nb6 12. Qc1 Be6 13. Nfd2 h6 14. Bxf6 Bxf6 15. Ne4 Bg7 16. Nexc5 Bxc4 17. Bxb7 Rad8 18. Bf3 f5 19. Ne6 Qf7 20. Nxf8 Qxf8 21. Nd2 Be6 22. e4 fxe4 23. Bxe4 Kh7 24. Qc2 Bf5 25. Rad1 Rd6 26. Nf3 Bh3 27. Rxd6 Qxd6 28. Rd1 Qf6 29. Nh4 1-0


[Site "https://www.chess.com"]

[Event "Titled Tuesday Blitz March 08 Early 2022"]
[White "Csonka, Balazs"]
[Black "Timofeev, Artyom"]
[WhiteFideId "742910"]
[BlackFideId "4140419"]
[WhiteElo "2404"]
[BlackElo "2594"]
[Result "1/2-1/2"]
[Round "03"]
[TimeControl "180+1"]
[Date "2022.03.08"]
[WhiteClock "0:00:06"]
[BlackClock "0:00:31"]

1. d4 d5 2. Nf3 Nf6 3. c4 dxc4 4. Nc3 a6 5. e4 b5 6. e5 Nd5 7. a4 Nb6 8. axb5 Bb7 9. e6 fxe6 10. Ng5 Qd6 11. Qe2 Bd5 12. Nxd5 exd5 13. Ne6 Kf7 14. Ng5+ Ke8 15. g3 e5 16. Bf4 N8d7 17. Bh3 Be7 18. dxe5 Qb4+ 19. Kf1 Nc5 20. Kg2 Bxg5 21. Bxg5 Ne4 22. Be3 Rf8 23. Rxa6 Ke7 24. Rxa8 Rxa8 25. Qh5 Rf8 26. Qxh7 Qxb2 27. Rf1 Qxe5 28. Bf4 Rxf4 29. gxf4 Qxf4 30. Qxg7+ Kd6 31. Qg6+ Kc5 32. Qc6+ Kb4 33. Qg6 c3 34. Bf5 c2 35. Bxe4 Qxe4+ 36. Qxe4+ dxe4 37. h4 Nd5 38. h5 Nf4+ 39. Kg3 Nxh5+ 40. Kg4 Ng7 41. Kf4 Kc3 42. Kxe4 Ne6 43. Kd5 Nd4 44. Rc1 Nxb5 45. Kc6 Nd4+ 46. Kxc7 Kd2 47. Rxc2+ Kxc2 48. f4 Kd3 49. f5 Nxf5 1/2-1/2


[Site "https://www.chess.com"]

[Event "Titled Tuesday Blitz March 08 Early 2022"]
[White "Daianu, Cristian-Clement"]
[Black "Madaminov, Mukhiddin"]
[WhiteFideId "1208926"]
[BlackFideId "14210703"]
[WhiteElo "2159"]
[BlackElo "1916"]
[Result "0-1"]
[Round "03"]
[TimeControl "180+1"]
[Date "2022.03.09"]
[WhiteClock "0:02:06"]
[BlackClock "0:01:50"]

1. e4 e6 2. d4 d5 3. Nd2 c5 4. Ngf3 cxd4 5. exd5 Qxd5 6. Bc4 Qd7 7. Nb3 Nc6 8. Qe2 Nf6 9. Bg5 Bb4+ 10. Bd2 Bxd2+ 11. Qxd2 e5 12. O-O-O O-O 13. Kb1 Qc7 14. Rhe1 Bg4 15. h3 Bxf3 16. gxf3 Rac8 17. Rg1 Nh5 18. Qg5 Nb4 19. Bd3 Nxd3 20. cxd3 Qc2+ 21. Ka1 g6 22. Qxh5 Qxd1+ 0-1


[Site "https://www.chess.com"]

[Event "Titled Tuesday Blitz March 08 Early 2022"]
[White "Daneshvar, Bardiya"]
[Black "Mitusov, Semen"]
[WhiteFideId "12576468"]
[BlackFideId "14151049"]
[WhiteElo "2295"]
[BlackElo "2265"]
[Result "1-0"]
[Round "03"]
[TimeControl "180+1"]
[Date "2022.03.08"]
[WhiteClock "0:01:43"]
[BlackClock "0:00:02"]

1. d4 d5 2. c4 dxc4 3. e4 Nf6 4. e5 Nd5 5. Bxc4 Nb6 6. Bd3 Nc6 7. Be3 e6 8. Nc3 Nb4 9. Be4 Be7 10. Nge2 N4d5 11. O-O Bd7 12. Nxd5 exd5 13. Bd3 Be6 14. f4 f5 15. g4 Qd7 16. Ng3 fxg4 17. f5 Bf7 18. e6 Bxe6 19. fxe6 Qxe6 20. Qe2 Nc4 21. Rae1 Bd6 22. Bg5 Qxe2 23. Rxe2+ Kd7 24. Rf7+ Kc6 25. b3 Na3 26. Nf5 Rhe8 27. Ne7+ Bxe7 28. Bxe7 Nb5 29. Rc2+ Kb6 30. a4 Nd6 31. Bxd6 cxd6 32. b4 a5 33. Rb2 Re3 34. Bf1 Rb8 35. Rd7 axb4 36. Rxb4+ Ka5 37. Rb1 Kxa4 38. Rxd6 Rb3 39. Ra1+ Kb4 40. Rxd5 Kc3 41. Rc1+ Kd2 42. Rdc5 Rd8 43. R5c2+ Ke3 44. Re1+ Kf4 45. Rd2 Re3 46. Red1 g3 47. h3 Re7 48. d5 Red7 49. Bg2 Rd6 50. Re2 h5 51. h4 Kf5 52. Rf1+ Kg6 53. Re3 Kh6 54. Rxg3 b5 55. Rb1 Rb8 56. Rb4 1-0


[Site "https://www.chess.com"]

[Event "Titled Tuesday Blitz March 08 Early 2022"]
[White "Demchenko, Anton"]
[Black "Ahn, Hongjin"]
[WhiteFideId "4160258"]
[BlackFideId "13201492"]
[WhiteElo "2539"]
[BlackElo "1873"]
[Result "1-0"]
[Round "03"]
[TimeControl "180+1"]
[Date "2022.03.08"]
[WhiteClock "0:00:16"]
[BlackClock "0:00:02"]

1. e4 e6 2. d4 d5 3. Nd2 Be7 4. Ngf3 Nf6 5. e5 Nfd7 6. c3 c5 7. Be2 Nc6 8. O-O g5 9. Nb3 g4 10. Ne1 h5 11. Be3 a5 12. a4 Qb6 13. Rb1 Qa7 14. Bb5 Qb8 15. f3 g3 16. h3 Na7 17. Be2 c4 18. Nd2 b5 19. axb5 Nxb5 20. f4 h4 21. f5 Qb6 22. fxe6 fxe6 23. Kh1 Nxe5 24. Qc2 Bd7 25. Bf4 Nc6 26. Qg6+ Kd8 27. Nef3 Re8 28. Ng5 Bd6 29. Nf7+ Kc7 30. Bg5 Ne7 31. Qh5 Nf5 32. Bg4 Rf8 33. Bxf5 exf5 34. Ne5 Rae8 35. Qxh4 Qb8 36. Bf4 Be6 37. Qxg3 a4 38. Ra1 Rg8 39. Qf2 Qa7 40. Ndf3 a3 41. Qc2 1-0


[Site "https://www.chess.com"]

[Event "Titled Tuesday Blitz March 08 Early 2022"]
[White "Derraugh, Geordie"]
[Black "Arabidze, Meri"]
[WhiteFideId "2603950"]
[BlackFideId "13604040"]
[WhiteElo "2116"]
[BlackElo "2335"]
[Result "1/2-1/2"]
[Round "03"]
[TimeControl "180+1"]
[Date "2022.03.09"]
[WhiteClock "0:00:08"]
[BlackClock "0:00:04"]

1. e4 c5 2. c3 e6 3. Nf3 d5 4. exd5 exd5 5. d4 Nc6 6. Bb5 Bd6 7. O-O cxd4 8. Nxd4 Ne7 9. Re1 O-O 10. Bg5 Qc7 11. h3 a6 12. Ba4 Ng6 13. Bc2 Bf4 14. Bxf4 Qxf4 15. Ne2 Qg5 16. Ng3 Be6 17. Nd2 Rad8 18. Nf3 Qf4 19. Qd3 Rd7 20. Rad1 Rfd8 21. a3 Qc7 22. h4 d4 23. c4 Nce7 24. b3 h6 25. h5 Nf8 26. Qe4 Nc6 27. Qh4 b5 28. cxb5 axb5 29. Bf5 d3 30. Bxe6 Nxe6 31. Nf5 d2 32. Re2 Qa5 33. b4 Qa4 34. Rdxd2 Rxd2 35. Rxd2 Rxd2 36. Nxd2 Qxa3 37. Qg4 Qc1+ 38. Nf1 Qg5 39. Qe4 Qc1 40. Ng3 Qc4 41. Qxc4 bxc4 42. Ne4 Nxb4 43. Ne3 Nd3 44. Nxc4 Ndf4 45. g4 Nd4 46. Ne3 Nde2+ 47. Kh2 f6 48. Nf5 Kf7 49. Neg3 Nxg3 50. Kxg3 Ne6 51. f4 Nc5 52. Ne3 Ne4+ 53. Kf3 Nd6 54. Nd5 Ke6 55. Ne3 Nb7 56. Ng2 Kf7 57. Nh4 Nc5 58. Nf5 Ne6 59. Ke4 Nc5+ 60. Kd5 Nd3 61. Nd6+ Kf8 62. Ke4 Nf2+ 63. Kf3 Nd1 64. Ke4 Kg8 65. Nf5 Kf7 66. Ne3 Nf2+ 67. Kf3 Nd3 68. Nf1 Nc5 69. Ng3 Nd7 70. Ne4 Nf8 71. g5 fxg5 72. fxg5 Ne6 73. gxh6 gxh6 74. Kg4 Ng7 75. Ng3 Nxh5 76. Kxh5 Kf8 77. Kxh6 1/2-1/2


[Site "https://www.chess.com"]

[Event "Titled Tuesday Blitz March 08 Early 2022"]
[White "Dixit, Nikhil"]
[Black "Rustemov, Alexander"]
[WhiteFideId "5059534"]
[BlackFideId "4119002"]
[WhiteElo "2223"]
[BlackElo "2783"]
[Result "1-0"]
[Round "03"]
[TimeControl "180+1"]
[Date "2022.03.09"]
[WhiteClock "0:00:11"]
[BlackClock "0:00:18"]

1. e4 e6 2. Nc3 d5 3. Nf3 Nf6 4. e5 Nfd7 5. d4 Be7 6. Ne2 b6 7. Nf4 c5 8. c3 Ba6 9. Bxa6 Nxa6 10. O-O Nc7 11. c4 dxc4 12. d5 Nxd5 13. Nxd5 exd5 14. Qxd5 Nf8 15. Qc6+ Nd7 16. Rd1 Qc8 17. Qd5 Nf8 18. Bg5 Ne6 19. Bxe7 Kxe7 20. Qxc4 h6 21. Rd6 Rd8 22. Rad1 Qc7 23. Nh4 Kf8 24. Nf5 Kg8 25. Qg4 Kh7 26. h4 g6 27. Ne3 h5 28. Qg3 Rxd6 29. exd6 Qc6 30. Nd5 Rd8 31. Qe5 Nd4 32. Nf6+ Kg7 33. Nxh5+ Kh6 34. Qg5+ Kh7 35. Qxd8 gxh5 36. d7 Ne2+ 37. Kf1 Nf4 38. Qg5 Qe4 39. d8=Q Qe2+ 40. Kg1 1-0


[Site "https://www.chess.com"]